[Event "*** Titled Tuesday Blitz"]
[Site "Chess.com"]
[Date "2021.04.27"]
[Round "10"]
[White "alexrustemov"]
[Black "nrvignesh"]
[Result "1-0"]
[WhiteElo "2638"]
[BlackElo "2775"]
[TimeControl "180+1"]
[EndTime "11:53:48 PDT"]
[Termination "alexrustemov won by resignation"]

1. d4 d5 2. c4 c6 3. Nc3 Nf6 4. e3 e6 5. Nf3 Nbd7 6. Qc2 Bd6 7. b3 O-O 8. Be2 e5 9. cxd5 cxd5 10. Nb5 Bb4+ 11. Bd2 Bxd2+ 12. Nxd2 a6 13. dxe5 Nxe5 14. Nd4 Bd7 15. O-O Rc8 16. Qb2 Qe7 17. Rfc1 h5 18. Rxc8 Rxc8 19. Rc1 h4 20. Rxc8+ Bxc8 21. Qc3 Qd8 22.
h3 Ne4 23. Qc2 Nxd2 24. Qxd2 Qd6 25. Qc3 Bd7 26. b4 Nc4 27. Nf3 Be6 28. Nxh4 Ne5 29. Nf3 Nc6 30. Nd4 Qxb4 31. Qxb4 Nxb4 32. a3 Na2 33. Kf1 Nc3 34. Bd3 Kf8 35. Ke1 Ke7 36. Kd2 Na4 37. h4 Nc5 38. Bc2 Kd6 39. f3 Bd7 40. h5 Ne6 41. Nf5+ Ke5 42. Nxg7 Kf6 43. Nxe6 fxe6 44. f4 e5 45. fxe5+ Kxe5 46. h6 Kf6 47.
Kc3 b5 48. Kd4 a5 49. Kxd5 b4 50. axb4 axb4 51. Kc4 Bc6 52. g3 b3 53. Kxb3 Bf3 1-0

[Event "*** Titled Tuesday Blitz"]
[Site "Chess.com"]
[Date "2021.04.27"]
[Round "10"]
[White "JoliyRoger"]
[Black "BigAl"]
[Result "0-1"]
[WhiteElo "2400"]
[BlackElo "2566"]
[TimeControl "180+1"]
[EndTime "11:53:50 PDT"]
[Termination "BigAl won on time"]

1. Nf3 Nf6 2. c4 g6 3. Nc3 Bg7 4. d4 O-O 5. e4 d6 6. h3 e5 7. d5 Nh5 8. Nh2 Na6 9. Be3 Nc5 10. g3 a5 11. Ng4 Kh8 12. Bxc5 dxc5 13. Ne3 Nf6 14. h4 h5 15. Bh3 Bxh3 16. Rxh3 Bh6 17. Qe2 a4 18. a3 Ra6 19. Kd1 c6 20. Kc2 Qb6 21. Kb1 Qb3 22. Ned1 cxd5 23. exd5 Rb6 24.
f3 e4 25. Nxe4 Nxe4 26. fxe4 Bg7 27. Rh2 Re8 28. g4 Rxe4 29. Qxe4 Qxd1+ 30. Ka2 Qb3+ 31. Kb1 Bxb2 32. Ra2 Bf6+ 33. Kc1 Qc3+ 34. Kd1 hxg4 35. h5 g3 36. Rhe2 Qb3+ 37. Ke1 Qb1+ 38. Qxb1 Rxb1+ 39. Kd2 gxh5 0-1

[Event "*** Titled Tuesday Blitz"]
[Site "Chess.com"]
[Date "2021.04.27"]
[Round "10"]
[White "serhanberat_ozdemir"]
[Black "frederiksvane"]
[Result "0-1"]
[WhiteElo "2580"]
[BlackElo "2729"]
[TimeControl "180+1"]
[EndTime "11:53:51 PDT"]
[Termination "frederiksvane won on time"]

1. e4 c5 2. Nf3 Nc6 3. Bb5 g6 4. Bxc6 dxc6 5. h3 Bg7 6. O-O Nf6 7. d3 O-O 8. Nbd2 b6 9. a3 Nh5 10.
Rb1 a5 11. a4 e5 12. Nc4 Qc7 13. b3 Be6 14. Bb2 f6 15. Qe1 Nf4 16. Kh2 Rab8 17. Bc3 b5 18. axb5 cxb5 19. Ne3 a4 20. bxa4 bxa4 21. Ng1 Qd7 22. Rxb8 Rxb8 23. Qa1 Ra8 24. Qa3 Bf8 25. Rb1 c4 26. Bb4 Bxb4 27. Rxb4 cxd3 28.
cxd3 Qxd3 29. Qa1 a3 30. Rb7 Qxe4 31. Re7 a2 32. g3 Qd4 33. Qc1 a1=Q 34. Qc7 Nh5 35.
Rxh7 Qaa7 0-1

[Event "*** Titled Tuesday Blitz"]
[Site "Chess.com"]
[Date "2021.04.27"]
[Round "10"]
[White "I_am_a_Miracle"]
[Black "MIJuanReyesRosa"]
[Result "0-1"]
[WhiteElo "2366"]
[BlackElo "2083"]
[TimeControl "180+1"]
[EndTime "11:53:52 PDT"]
[Termination "MIJuanReyesRosa won on time"]

1. d4 e6 2. Nf3 c5 3. Nc3 cxd4 4.
Nxd4 a6 5. g3 Nf6 6. Bg2 Nc6 7.
O-O Qc7 8. e4 Be7 9. h3 d6 10.
Be3 O-O 11. Qe2 Bd7 12. f4 Nxd4 13. Bxd4 e5 14. Be3 b5 15. fxe5 dxe5 16. Rad1 b4 17. Nd5 Nxd5 18. exd5 Bb5 19. d6 Bxd6 20. Qg4 Bxf1 21.
Bxa8 Bxh3 22. Qe4 Bc5 23. Bd5 Bxe3+ 24. Qxe3 Qxc2 25. Rd2 Qc1+ 26. Kh2 Be6 27. Be4 Bxa2 28. b3 Bxb3 29. Qd3 g6 30. Rd1 Qc4 31. Qf3 Qe6 32. Rb1 Rd8 0-1

[Event "*** Titled Tuesday Blitz"]
[Site "Chess.com"]
[Date "2021.04.27"]
[Round "10"]
[White "chessmachine14"]
[Black "InitiatingASC"]
[Result "1-0"]
[WhiteElo "2275"]
[BlackElo "2370"]
[TimeControl "180+1"]
[EndTime "11:53:52 PDT"]
[Termination "chessmachine14 won by checkmate"]

1. d4 d5 2. Nf3 e6 3. g3 c5 4. c3 Nf6 5. Bg2 b6 6. O-O Ba6 7. Ne5 Be7 8. Qa4+ b5 9. Qc2 O-O 10. dxc5 Bxc5 11. Nd2 Qc7 12. Ndf3 Bd6 13. Bf4 b4 14. Rfc1 Rc8 15. Qd1 g5 16. cxb4 gxf4 17. Rxc7 Rxc7 18. gxf4 Nbd7 19. Qd2 Ne4 20. Qd4 Ndf6 21.
Ng5 Rac8 22. f3 Rc1+ 23. Rxc1 Rxc1+ 24. Bf1 Bxe2 25. fxe4 Rxf1+ 26. Kg2 Rxf4 27. Nexf7 Bf1+ 28. Kg1 h6 29. Nxh6+ Kh8 30. Ngf7+ Kg7 31. Qxa7 Bh3 32. Nxd6+ Kxh6 33. Qe3 Kg5 34. Qxh3 dxe4 35. Qxe6 Ng4 36.
Nxe4+ Kh4 37. Qe7+ Kh3 38. Qh7+ Nh6 39. Qxh6+ Rh4 40.
Nf2# 1-0

[Event "*** Titled Tuesday Blitz"]
[Site "Chess.com"]
[Date "2021.04.27"]
[Round "10"]
[White "Kislov_Oleg"]
[Black "1977Ivan"]
[Result "0-1"]
[WhiteElo "2501"]
[BlackElo "2659"]
[TimeControl "180+1"]
[EndTime "11:53:53 PDT"]
[Termination "1977Ivan won on time"]

1. e4 e5 2. Nf3 Nc6 3. d4 exd4 4. Nxd4 Nf6 5. Nc3 Bb4 6. Nxc6 bxc6 7. Bd3 O-O 8. O-O Re8 9. Bg5 h6 10. Bh4 Rb8 11.
f4 Be7 12. e5 Nd5 13. Bxe7 Qxe7 14. Ne4 d6 15. exd6 cxd6 16. Qf3 f5 17. Ng3 Qe3+ 18. Qxe3 Nxe3 19. Rfe1 Bd7 20. b3 g6 21. h3 Kg7 22.
Kf2 Nd5 23. Kf3 Nb4 24. Red1 c5 25. Kf2 Bc6 26. c3 Nd5 27. Ne2 Nf6 28. Ng3 h5 29.
Bxf5 h4 30. Rxd6 hxg3+ 31. Kxg3 Be4 32. Bg4 Bd5 33. Bf3 Bxf3 34. Kxf3 Re7 35. Rad1 Rbe8 36. R1d3 Re1 37. g4 Rf1+ 38. Kg3 Ne4+ 39. Kg2 Rf2+ 40. Kg1 Rxf4 41. Rd7+ Kh6 0-1

[Event "*** Titled Tuesday Blitz"]
[Site "Chess.com"]
[Date "2021.04.27"]
[Round "10"]
[White "Kretov_Evgenij"]
[Black "alejogarcia1999"]
[Result "0-1"]
[WhiteElo "2638"]
[BlackElo "2505"]
[TimeControl "180+1"]
[EndTime "11:53:53 PDT"]
[Termination "alejogarcia1999 won by resignation"]

1. d4 Nf6 2. c4 g6 3. Nc3 Bg7 4.
e4 d6 5. Be2 O-O 6. Bg5 h6 7.
Be3 e5 8. d5 a5 9. Qd2 Kh7 10.
Bd1 Ng4 11. Bxg4 Bxg4 12. f3 Bd7 13. g4 f5 14. h3 Na6 15. O-O-O a4 16. Nge2 fxe4 17.
fxe4 Rf3 18. Rdf1 Qf6 19. Rfg1 Qf7 20. h4 Rf8 21. Nb5 Bxb5 22. cxb5 Nb4 23. a3 Rf1+ 24. Rxf1 Qxf1+ 25. Rxf1 Rxf1+ 26. Qd1 Nd3+ 27. Kd2 Rxd1+ 28.
Kxd1 Nxb2+ 29. Kc2 Nc4 30. Bc1 Bf6 31. g5 hxg5 32. hxg5 Bd8 33. Kc3 Nb6 34. Kb4 Nd7 35. Nc3 Nc5 36. Be3 b6 37. Kc4 Kg7 38. Bc1 Kf7 39.
Be3 Ke8 40. Bc1 Kd7 41. Be3 Be7 42. Bc1 Nb3 43. Be3 Nd4 44. Bxd4 exd4 45. Kxd4 Bxg5 46. Nxa4 Bf6+ 47. Ke3 Be5 48. Kf3 Ke7 49. Kg4 Kf6 50. Kh4 g5+ 51. Kh5 Bd4 52. Kg4 Kg6 53. Kg3 Kh5 54.
Kh3 g4+ 55. Kg3 Be5+ 56. Kg2 Kh4 57. Kf2 g3+ 58. Kg2 Kg4 0-1

[Event "*** Titled Tuesday Blitz"]
[Site "Chess.com"]
[Date "2021.04.27"]
[Round "10"]
[White "Natalya_Buksa"]
[Black "MatyChess1"]
[Result "1-0"]
[WhiteElo "2539"]
[BlackElo "2664"]
[TimeControl "180+1"]
[EndTime "11:53:54 PDT"]
[Termination "Natalya_Buksa won by resignation"]

1. d4 d5 2. Nc3 Nf6 3. Bf4 e6 4. e3 Bb4 5. Bd3 c5 6. dxc5 Nbd7 7. a3 Bxc3+ 8. bxc3 Nxc5 9. Nf3 O-O 10. O-O b6 11. Bg5 h6 12. Bh4 Bb7 13. Ne5 g5 14.
Bg3 Nfe4 15. Qh5 Kg7 16. Ng4 Rh8 17. Be5+ f6 18. Bxe4 Nxe4 19. Nxf6 Nxf6 20. f4 g4 21. f5 Qe8 22. Qxg4+ Kh7 23. Bxf6 Rg8 24. Qf4 Rc8 25.
Bd4 Rf8 26. f6 Qg6 27. Rf3 Rf7 28. Rg3 Qf5 29. Qh4 e5 30. Rf1 Qxc2 31. Bxe5 Qe4 32. Qxe4+ dxe4 33. Rg7+ Rxg7 34. fxg7 Kg8 35. Rf6 Bd5 36.
Rxh6 Kf7 37. Bd4 Rg8 38. Kf2 Be6 39. h4 Bd5 40. Kg3 Be6 41. Rf6+ Ke7 42. Rf4 Kd7 43. h5 a5 44. h6 1-0

[Event "*** Titled Tuesday Blitz"]
[Site "Chess.com"]
[Date "2021.04.27"]
[Round "10"]
[White "VladimirBugayev"]
[Black "MartinMatthiesen"]
[Result "0-1"]
[WhiteElo "2262"]
[BlackElo "2444"]
[TimeControl "180+1"]
[EndTime "11:53:54 PDT"]
[Termination "MartinMatthiesen won on time"]

1. e4 c5 2. Nc3 d6 3. f4 Nc6 4. Bb5 Bd7 5. Nf3 g6 6. O-O Bg7 7. d3 Nd4 8. Bc4 e6 9. Be3 Ne7 10. Bxd4 cxd4 11. Ne2 Qb6 12. Bb3 d5 13. Ng3 dxe4 14.
Nxe4 Nf5 15. Qe2 Qc7 16. Ne5 O-O 17. Nxd7 Qxd7 18. c3 dxc3 19. bxc3 Bxc3 20. Nxc3 Qd4+ 21. Kh1 Qxc3 22. Rac1 Qa5 23. Qe4 Qb6 24. g4 Nd6 25.
Qe5 Rac8 26. Bxe6 fxe6 27. Qxe6+ Nf7 28. Qe4 Rxc1 29. Rxc1 Qb2 30. Rc7 Qb1+ 31. Kg2 Qxa2+ 32. Kg3 Qa6 33. Qe7 Kg7 34. f5 Qf6 35. Qd7 gxf5 36. gxf5 Kh8 37. Kf2 Ng5 38. h4 Qxf5+ 39. Ke2 Qxd7 40.
Rxd7 Ne6 41. Rxb7 Nf4+ 0-1

[Event "*** Titled Tuesday Blitz"]
[Site "Chess.com"]
[Date "2021.04.27"]
[Round "10"]
[White "viktorgen2021"]
[Black "malakismayil"]
[Result "1-0"]
[WhiteElo "2372"]
[BlackElo "2244"]
[TimeControl "180+1"]
[EndTime "11:53:57 PDT"]
[Termination "viktorgen2021 won on time"]

1. e4 e5 2. Nf3 Nc6 3. d4 exd4 4. Bc4 Bc5 5. O-O d6 6. b4 Bb6 7. b5 Ne5 8. Be2 Nxf3+ 9. Bxf3 Nf6 10. Bb2 O-O 11.
Bxd4 Bxd4 12. Qxd4 Bd7 13. Nc3 Qe7 14. Rad1 a6 15.
a4 axb5 16. axb5 b6 17. Rfe1 Rfe8 18. Qd2 Rad8 19. g3 Qe5 20. Qd3 h5 21. Bg2 h4 22.
Re3 h3 23. Bh1 Ng4 24. Re2 Qc5 25. Rb1 Ne5 26. Qd2 Bg4 27. Ree1 Bf3 28. Qe3 Qxe3 29.
Rxe3 Bxh1 30. Kxh1 Nc4 31. Rd3 Ra8 32. f3 Re5 33. Nd5 Ra7 34. Rc3 Rxd5 35. exd5 Ne5 36.
Kg1 Kf8 37. Kf2 Ke7 38. f4 Ng6 39. Kf3 Kd7 40. Re1 Ne7 41. Rd3 Ra5 42. c4 Ra4 43. Re4 Ra2 44. Re2 Ra4 45. Rc2 f5 46. g4 g6 47. g5 Ra1 48. Kg3 Rf1 49. Rf3 Re1 50. Kxh3 Re4 51. Kg3 Nc8 52. h4 Ne7 53. Rfc3 Nc8 54. Rh2 Re1 55. h5 gxh5 56.
Rxh5 Ne7 57. Rh7 Ke8 58. Kf2 Re4 59. Re3 1-0

[Event "*** Titled Tuesday Blitz"]
[Site "Chess.com"]
[Date "2021.04.27"]
[Round "10"]
[White "Aradhya2000"]
[Black "Mikhal867"]
[Result "0-1"]
[WhiteElo "2613"]
[BlackElo "2473"]
[TimeControl "180+1"]
[EndTime "11:54:01 PDT"]
[Termination "Mikhal867 won by checkmate"]

1. d4 g6 2. e4 Bg7 3. Nf3 d6 4. Nc3 a6 5. a4 b6 6. Bc4 e6 7.
O-O Ne7 8. Qe2 O-O 9. Rd1 h6 10. d5 e5 11. b4 f5 12. Ne1 Nd7 13. a5 b5 14. Bd3 Nf6 15. f3 f4 16. Na2 g5 17. c4 bxc4 18. Bxc4 g4 19. Nd3 Ng6 20.
Kh1 Nh4 21. Nf2 g3 22. Nd3 gxh2 23. b5 Nh5 24. Kxh2 Ng3 25. Qf2 Qg5 26. Rh1 Bf6 27. Kg1 Nxh1 28. Kxh1 Rf7 29. Nab4 Rg7 30. Ne1 Qh5 31.
Kg1 Nxg2 32. Nxg2 Bh3 33. Bf1 Kh7 34. bxa6 Rag8 35. Ra2 Bh4 36. Qc2 Qxf3 37. a7 Qg4 38.
a8=Q Rxa8 39. Nd3 f3 40. Kh1 Rag8 41. Nde1 Bxe1 42. a6 fxg2+ 43. Bxg2 Bxg2+ 44. Qxg2 Qh4+ 45. Qh2 Rg1# 0-1

[Event "*** Titled Tuesday Blitz"]
[Site "Chess.com"]
[Date "2021.04.27"]
[Round "10"]
[White "Nozdrachev_Vladislav"]
[Black "CrushingKings"]
[Result "1-0"]
[WhiteElo "2697"]
[BlackElo "2512"]
[TimeControl "180+1"]
[EndTime "11:54:01 PDT"]
[Termination "Nozdrachev_Vladislav won on time"]

1. e4 c5 2. Nf3 e6 3. d4 cxd4 4. Nxd4 Nc6 5. Nc3 Qc7 6. a3 a6 7. g3 b5 8. Bg2 Bb7 9. O-O Ne5 10. Bf4 Bc5 11. b4 Be7 12. Ncxb5 axb5 13. Nxb5 Qb8 14. c4 g5 15. Be3 Nxc4 16. Qd4 Nxe3 17. Qxh8 Nxf1 18.
Qxg8+ Bf8 19. Bxf1 Bxe4 20. Rd1 Bd5 21. Qxh7 Qe5 22. Qc2 Bc6 23. Nd4 Ba4 24. Nb3 Be7 25.
Bg2 Rd8 26. Qd3 Qb2 27. Rb1 Qxa3 28. b5 Rb8 29. Qc3 Rxb5 30. Qc8+ Bd8 31. Bc6 dxc6 32. Qxc6+ Kf8 33. Qc8 Rd5 34. Na5 Kg7 35. Nb7 Bf6 36. Rf1 Qa2 37. Qc7 Bb5 38. Nd6 Rf5 39. Qxf7+ Kh6 40.
Nxf5+ exf5 41. Qxa2 1-0

[Event "*** Titled Tuesday Blitz"]
[Site "Chess.com"]
[Date "2021.04.27"]
[Round "10"]
[White "GameOverBro"]
[Black "Vice64"]
[Result "1-0"]
[WhiteElo "2535"]
[BlackElo "2655"]
[TimeControl "180+1"]
[EndTime "11:54:02 PDT"]
[Termination "GameOverBro won by resignation"]

1. e4 c5 2. Ne2 Nc6 3. Nbc3 Nf6 4. g3 d6 5. Bg2 g6 6. d4 cxd4 7.
Nxd4 Nxd4 8. Qxd4 Bg7 9. O-O O-O 10. a4 Be6 11. Qd1 Qc8 12. Re1 Bh3 13. Be3 Bxg2 14. Kxg2 Rd8 15. Bd4 Kf8 16. Qd3 e5 17. Be3 Qc6 18.
Red1 Kg8 19. Bg5 Kf8 20. h3 Rac8 21. Qf3 Ne8 22. Bxd8 Rxd8 23. Qd3 Nc7 24. a5 Ne6 25. Nd5 Nd4 26. c3 Nb3 27. Ra3 Nc5 28. Qe3 f5 29. f3 Qb5 30. b4 Ne6 31. Ra2 Qc4 32. Rad2 h6 33. Qd3 Qc6 34. Qe3 Qc4 35. h4 a6 36. Nb6 Qc6 37. Rd5 f4 38. Qd2 fxg3 39. Rxd6 Nf4+ 40. Kxg3 Rxd6 41. Qxd6+ Qxd6 42. Rxd6 g5 43. hxg5 hxg5 44. Rd8+ Kf7 45. Rd7+ Kg6 46. c4 Ne2+ 47.
Kf2 Nd4 48. Rxb7 Bf8 49. Nd5 g4 50. fxg4 Kg5 51. Rb6 Kxg4 52. Rxa6 Bh6 53. Rxh6 1-0

[Event "*** Titled Tuesday Blitz"]
[Site "Chess.com"]
[Date "2021.04.27"]
[Round "10"]
[White "Agoking701"]
[Black "MFguimaraes"]
[Result "0-1"]
[WhiteElo "2275"]
[BlackElo "2436"]
[TimeControl "180+1"]
[EndTime "11:54:02 PDT"]
[Termination "MFguimaraes won by resignation"]

1. Nf3 d5 2. g3 f5 3. Bg2 Nf6 4. O-O e6 5. d3 Be7 6. Nbd2 O-O 7. Qe1 c5 8. e4 d4 9. Ne5 Nc6 10. Nxc6 bxc6 11. Qe2 fxe4 12. Nxe4 Nd5 13. Bd2 a5 14. Rae1 a4 15. a3 Rb8 16. Bc1 h6 17. Bh3 Re8 18. Nd2 Bg5 19. f4 Bf6 20. Nc4 Ne3 21. Nxe3 dxe3 22.
c3 e5 23. Bxc8 Qxc8 24. Bxe3 exf4 25. gxf4 Bh4 26. Rd1 Qe6 27. Rf3 Re7 28. Qg2 Qb3 29.
Rd2 Rbe8 30. Qh3 Qd5 31. c4 Qh5 32. Re2 Qg6+ 33. Rg2 Qxd3 34. Qxh4 Rxe3 35. Rf1 Re2 36. Rg3 Qd4+ 37. Kh1 Re1 38. Qh3 Qe4+ 39. Kg1 Qxf4 40.
Qg2 Rxf1+ 41. Qxf1 Qd4+ 42. Kh1 Qxb2 43. Qg1 Re2 44.
Rg6 Qe5 45. Rg3 Re1 46. Rg2 Rxg1+ 47. Rxg1 Qe4+ 0-1

[Event "*** Titled Tuesday Blitz"]
[Site "Chess.com"]
[Date "2021.04.27"]
[Round "10"]
[White "SergeyShtyka"]
[Black "politeplayer"]
[Result "1-0"]
[WhiteElo "2407"]
[BlackElo "2255"]
[TimeControl "180+1"]
[EndTime "11:54:03 PDT"]
[Termination "SergeyShtyka won on time"]

1. e4 e6 2. Nf3 d5 3. e5 c5 4. b4 b6 5. bxc5 bxc5 6. c3 d4 7. Bb5+ Nd7 8. cxd4 cxd4 9. Nxd4 Qb6 10. Bb2 Bc5 11. Qg4 Kf8 12. Bxd7 Qxb2 13. Nb3 Bxd7 14. O-O Bb6 15. Nc3 Qc2 16. Ne4 Nh6 17. Qf4 Bc6 18. Ng5 Qf5 19. Qg3 Ng4 20. Rac1 Bd5 21. Nf3 Bxf3 22. gxf3 Nxe5 23. f4 Ng6 24. Rc4 h6 25. a4 Kg8 26. a5 Bd8 27. d3 Bh4 28. Qf3 Ne5 29. Qxa8+ Kh7 30. Qe4 Nxc4 31. Qxf5+ exf5 32.
dxc4 Rb8 33. Nd4 Rb4 34. Nxf5 Bf6 35. Rc1 g6 36. Nd6 Bd8 37. Nxf7 Bxa5 38. Kg2 Bb6 39. Rc2 Bc5 40. Ne5 a5 41. Nd3 1-0

[Event "*** Titled Tuesday Blitz"]
[Site "Chess.com"]
[Date "2021.04.27"]
[Round "10"]
[White "rasmussvane"]
[Black "BahadirOzen"]
[Result "1-0"]
[WhiteElo "2893"]
[BlackElo "2668"]
[TimeControl "180+1"]
[EndTime "11:54:04 PDT"]
[Termination "rasmussvane won on time"]

1. Nf3 g6 2. e4 d6 3. d4 Nf6 4. Bd3 Bg7 5. O-O O-O 6. c3 Nbd7 7. Re1 e5 8. Nbd2 b6 9. Nf1 Bb7 10. Ng3 Re8 11. h3 c6 12. Be3 Qc7 13. Qc2 b5 14. Rad1 a6 15. c4 exd4 16. Bxd4 b4 17. b3 Rad8 18. Nf1 Ne5 19. Bxe5 dxe5 20. c5 Nd7 21. Bc4 Bf8 22. Ng5 Re7 23. Rd6 Bc8 24. Red1 Rde8 25. Ne3 Kg7 26. Ng4 Nxc5 27. Nf6 Nb7 28. Nxe8+ Rxe8 29. R6d3 f6 30. Nf3 Nc5 31. R3d2 a5 32. Nh2 Qe7 33. Nf1 Kh8 34. Ne3 Bh6 35. Rd6 Be6 36. Bxe6 Nxe6 37. Qxc6 Nd4 38. Qd5 Rc8 39. Rd7 Qf8 40.
Qb7 Rd8 41. Rxh7+ Kg8 42. Rd7 Rc8 43. Nd5 Rc2 44. Ne7+ Kf7 45. Nf5+ 1-0

[Event "*** Titled Tuesday Blitz"]
[Site "Chess.com"]
[Date "2021.04.27"]
[Round "10"]
[White "RobertoJBM"]
[Black "chess94cu"]
[Result "1-0"]
[WhiteElo "2733"]
[BlackElo "2586"]
[TimeControl "180+1"]
[EndTime "11:54:04 PDT"]
[Termination "RobertoJBM won on time"]

1. d4 Nf6 2. c4 c5 3. d5 b5 4. cxb5 a6 5. bxa6 g6 6. Nc3 Bxa6 7. g3 d6 8. Bg2 Bg7 9. Nf3 Nbd7 10. O-O Nb6 11. Re1 O-O 12. Nd2 Nfd7 13. Qc2 c4 14. Rb1 Qc7 15. Nf3 Bb7 16. Rd1 Nc5 17. Nd4 Qd7 18. Nc6 e6 19. Nb4 exd5 20. Nbxd5 Nxd5 21. Bxd5 Rfe8 22. Bxc4 Qh3 23. Bd5 Bxd5 24. Nxd5 Rxa2 25. Bf4 Qg4 26. Ne3 Qh5 27. Bxd6 Ne4 28. Ba3 Bh6 29. Nf1 Ng5 30. h4 Nh3+ 31. Kg2 Nf4+ 32. gxf4 Qxh4 33. e3 Qg4+ 34. Ng3 Rb8 35. Qc3 Bg7 36. Qc4 Rxa3 37. bxa3 Re8 38. Rd5 h5 39. Rbd1 h4 40. Rd8 Rxd8 41.
Rxd8+ Kh7 42. Qc8 hxg3 43. Qxg4 1-0

[Event "*** Titled Tuesday Blitz"]
[Site "Chess.com"]
[Date "2021.04.27"]
[Round "10"]
[White "ChronicUnhappiness"]
[Black "halldorgretar"]
[Result "1-0"]
[WhiteElo "2312"]
[BlackElo "2139"]
[TimeControl "180+1"]
[EndTime "11:54:04 PDT"]
[Termination "ChronicUnhappiness won on time"]

1. d3 Nf6 2. Nf3 g6 3. g3 Bg7 4. Bg2 O-O 5. O-O d5 6. c3 c5 7. Bf4 Nc6 8. Ne5 Nxe5 9. Bxe5 Ne8 10. Bxg7 Kxg7 11. d4 cxd4 12. Qxd4+ Nf6 13. Rd1 Be6 14. Nd2 Qd7 15. Nf3 Rfd8 16. Ng5 Bf5 17. Rd2 h6 18. Nf3 Kg8 19. Ne5 Qe6 20. Rad1 Bh3 21. Bxh3 Qxh3 22.
c4 Rd6 23. c5 Re6 24. f3 Qf5 25.
Nd3 Rc8 26. Nf4 Rec6 27. b4 e5 28. Nxd5 exd4 29. Ne7+ Kg7 30. Nxf5+ gxf5 31. Rxd4 a5 32. a3 axb4 33. axb4 b6 34. cxb6 Rxb6 35. Rb1 Rcb8 36. Kf2 Rb5 37. e4 fxe4 38. fxe4 Re8 39. Kf3 h5 40. h3 Nh7 41. h4 Nf6 42. Kf4 Ng4 43.
Rd5 Rxd5 44. exd5 Rb8 45. b5 Nf6 46. Ke5 Re8+ 47. Kd6 Rd8+ 48. Kc6 Rxd5 49. b6 Rd3 50. b7 Nd7 51. Kc7 f6 52. Rb5 Kf7 53. Rxh5 1-0

[Event "*** Titled Tuesday Blitz"]
[Site "Chess.com"]
[Date "2021.04.27"]
[Round "10"]
[White "AryanTari"]
[Black "Goryachkina"]
[Result "1-0"]
[WhiteElo "2879"]
[BlackElo "2668"]
[TimeControl "180+1"]
[EndTime "11:54:07 PDT"]
[Termination "AryanTari won on time"]

1. e4 c5 2. Nc3 Nc6 3. f4 g6 4. Nf3 Bg7 5. Bb5 Nd4 6. O-O Nxb5 7. Nxb5 Nf6 8. d3 O-O 9. Qe1 d5 10. e5 Ne8 11. d4 a6 12. Nc3 cxd4 13. Nxd4 e6 14.
a4 Nc7 15. Be3 Bd7 16. Nb3 Bc6 17. Qf2 Rc8 18. Rad1 Qd7 19. Nc5 Qe8 20. b3 Qd8 21. a5 Ne8 22. b4 Nc7 23. Ne2 Qe8 24. Nd4 Nb5 25. Nxb5 Bxb5 26. Rfe1 Qc6 27. Bd4 Rfe8 28. g4 Bc4 29. h3 Rb8 30. c3 Rbc8 31. Kh2 Kh8 32. Qg3 Rb8 33. Rg1 b6 34. axb6 Rxb6 35. Rde1 a5 36. bxa5 Rb5 37. Nd3 Rxa5 38. f5 Ra2+ 39.
Nf2 Qa4 40. Rg2 Qb3 41. Qf4 Bf8 42. fxg6 fxg6 43. Qf7 Qb5 44. Rb1 Qc6 45. Rb6 1-0

[Event "*** Titled Tuesday Blitz"]
[Site "Chess.com"]
[Date "2021.04.27"]
[Round "10"]
[White "Korchmar_Vasiliy"]
[Black "CM_rui"]
[Result "1-0"]
[WhiteElo "2680"]
[BlackElo "2507"]
[TimeControl "180+1"]
[EndTime "11:54:07 PDT"]
[Termination "Korchmar_Vasiliy won on time"]

1. e4 e5 2. Nf3 Nc6 3. Nc3 Nf6 4.
Bb5 Bb4 5. O-O O-O 6. d3 d6 7. Bg5 Bxc3 8. bxc3 Qe7 9. Re1 Nd8 10. d4 Ne6 11. Bc1 c6 12. Bf1 Nc7 13. Nh4 Nxe4 14. Rxe4 f5 15. Bc4+ d5 16. Rxe5 Qxh4 17. Bd3 Bd7 18.
Rb1 b6 19. Ba3 Rfe8 20. Bd6 Rxe5 21. Bxe5 Ne8 22. c4 Be6 23. cxd5 Bxd5 24. Bxf5 Qg5 25. Qg4 Qxg4 26. Bxg4 Bxa2 27. Ra1 Bd5 28. Bd7 Nf6 29. Bxf6 gxf6 30. c4 Bxc4 31. Bxc6 Rd8 32. Rxa7 Rxd4 33. h3 Rd6 34. Be4 Bf7 35. Bxh7+ Kxh7 36. Rxf7+ Kg6 37. Rb7 Kf5 38. g3 Ke4 39. Kg2 Kd3 40. h4 Kc4 41. h5 f5 42. f3 b5 43. g4 f4 44. Kh3 b4 45. g5 b3 46. g6 Kc3 47. g7 Rd8 48. h6 b2 49. h7 Rd1 50.
Rxb2 Rh1+ 51. Kg4 1-0

[Event "*** Titled Tuesday Blitz"]
[Site "Chess.com"]
[Date "2021.04.27"]
[Round "10"]
[White "Iskusnyh"]
[Black "JiiHart"]
[Result "1-0"]
[WhiteElo "2582"]
[BlackElo "2070"]
[TimeControl "180+1"]
[EndTime "11:54:07 PDT"]
[Termination "Iskusnyh won on time"]

1. d4 Nf6 2. c4 g6 3. g3 Bg7 4.
Bg2 d5 5. cxd5 Nxd5 6. Nf3 O-O 7.
O-O c5 8. e4 Nb6 9. d5 Bg4 10.
Nc3 N8d7 11. Qc2 Rc8 12. Bf4 e5 13. dxe6 fxe6 14. Bg5 Bf6 15. Bh6 Bxf3 16. Bxf3 Ne5 17. Bg2 Rf7 18. Rad1 Qe8 19. h3 Rd8 20. Bc1 a6 21. f4 Nec4 22. e5 Bg7 23. b3 Na5 24. Ne4 c4 25. Nd6 Qf8 26. Nxf7 Kxf7 27. Rxd8 Qxd8 28.
Rd1 Qc7 29. Be3 Bf8 30. Kh2 Bc5 31. Bxc5 Qxc5 32. Rc1 Kg7 33. bxc4 Naxc4 34. Rd1 Qa3 35. Rd3 Qb4 36. Bxb7 Qc5 37. Bg2 Qb4 38. Rb3 Qc5 39. Rxb6 Qxb6 40. Qxc4 Qb2 41. Qxe6 a5 42. Qf6+ Kg8 43.
Qd8+ Kg7 44. e6 a4 45. e7 1-0

[Event "*** Titled Tuesday Blitz"]
[Site "Chess.com"]
[Date "2021.04.27"]
[Round "10"]
[White "Grieve72"]
[Black "blitzking1729"]
[Result "1-0"]
[WhiteElo "2529"]
[BlackElo "2652"]
[TimeControl "180+1"]
[EndTime "11:54:09 PDT"]
[Termination "Grieve72 won by checkmate"]

1. e4 Nf6 2. e5 Nd5 3. d4 d6 4.
Nf3 dxe5 5. Nxe5 g6 6. Be2 Bg7 7. O-O O-O 8. c4 Nf6 9. Nc3 c6 10.
h3 Be6 11. Be3 Nbd7 12. Nf3 Bf5 13. g4 Be4 14. Ng5 e5 15. dxe5 Nxe5 16. Qxd8 Raxd8 17. Ngxe4 Nxe4 18. Nxe4 Rfe8 19. Rad1 f5 20. gxf5 gxf5 21. Nd6 Rf8 22. Nxb7 Rb8 23. Nc5 f4 24. Bc1 Rf5 25. Nd7 Rg5+ 26. Kh1 f3 27. Bxg5 fxe2 28. Nxb8 Nd3 29.
Kg2 exf1=Q+ 30. Kxf1 Nxb2 31. Rd7 Nxc4 32. Nxc6 Bc3 33.
Rxa7 Nb6 34. a4 Nd5 35. a5 Bb4 36. Nxb4 Nxb4 37. Rb7 Na6 38. Rb6 Nc5 39. a6 Nxa6 40.
Rxa6 h6 41. Bxh6 Kh7 42. f4 Kg8 43. f5 Kh8 44. Kf2 Kg8 45. Kf3 Kf7 46. Kf4 Kg8 47. Kg5 Kh7 48. Ra7+ Kh8 49. Kg6 Kg8 50. Ra8# 1-0

[Event "*** Titled Tuesday Blitz"]
[Site "Chess.com"]
[Date "2021.04.27"]
[Round "10"]
[White "starworld123"]
[Black "Marty435"]
[Result "1-0"]
[WhiteElo "2766"]
[BlackElo "2608"]
[TimeControl "180+1"]
[EndTime "11:54:10 PDT"]
[Termination "starworld123 won on time"]

1. e4 c6 2. d4 d5 3. exd5 cxd5 4. c4 Nf6 5. Nf3 Nc6 6. Nc3 Bg4 7. Be3 g6 8. Be2 Bg7 9. h3 Bxf3 10. Bxf3 dxc4 11. Bxc6+ bxc6 12. Qa4 O-O 13. Qxc4 Rc8 14. O-O Nd5 15.
Rad1 Qa5 16. Bd2 Rfd8 17. Ne4 Qb5 18. Qxb5 cxb5 19. Ba5 Nb6 20. Nc3 Rb8 21. Nxb5 Rd5 22. Nxa7 Rxa5 23. Nc6 Raa8 24. Nxb8 Rxb8 25. b3 Nd5 26. Rd2 e6 27. g3 Rc8 28. Rfd1 Rc3 29.
Kf1 Kf8 30. Rd3 Rc2 31. R1d2 Rc1+ 32. Kg2 Nb4 33. Rf3 Ke7 34. a3 Nd5 35. b4 Rc4 36.
Rfd3 Kd6 37. Rb3 Kc6 38. a4 Nxb4 39. Rdb2 Nd5 40. Rb7 Bxd4 41. R2b5 Rxa4 42. Rb1 Ra2 43. Rxf7 1-0

[Event "*** Titled Tuesday Blitz"]
[Site "Chess.com"]
[Date "2021.04.27"]
[Round "10"]
[White "Vesper2018"]
[Black "Buffy7"]
[Result "0-1"]
[WhiteElo "2572"]
[BlackElo "2699"]
[TimeControl "180+1"]
[EndTime "11:54:10 PDT"]
[Termination "Buffy7 won on time"]

1. e4 c6 2. Nf3 d5 3. exd5 cxd5 4. Ne5 Nc6 5. d4 Nf6 6. c3 e6 7. Bd3 Be7 8. f4 O-O 9. Nd2 Bd7 10. O-O Rb8 11. Rf3 b5 12. b4 a5 13. a3 g6 14. Rh3 Be8 15. Qe1 Qb6 16. Ndf3 Ne4 17.
Bxe4 dxe4 18. Qxe4 f6 19. Ng4 Nd8 20. Be3 Qc6 21.
Qd3 Rc8 22. Rc1 Nb7 23. Nd2 Nd6 24. Nb3 Nc4 25. Nc5 Nxa3 26. bxa5 Nc4 27. Bf2 Qd5 28. a6 Bc6 29. Rg3 Rfd8 30. Qe2 Bxc5 31. dxc5 Kg7 32.
Bd4 Rf8 33. Ra1 Rce8 34. a7 e5 35. fxe5 fxe5 36. Nxe5 Nxe5 37. Re3 Kg8 38. Rxe5 Rxe5 39. Bxe5 Re8 40. h4 Rxe5 41. a8=Q+ Bxa8 42. Rxa8+ Kg7 0-1